 Dungeon Crawl Stone Soup version 0.20-a0-303-g575bbf7 (webtiles) character file.

338 Havercy the Slasher (level 6, -9/47 HPs)
             Began as a Mummy Gladiator on Dec 16, 2016.
             Mangled by an ogre
             ... wielding a +0 giant club
              (15 damage)
             ... on level 3 of the Dungeon.
             The game lasted 00:03:55 (3285 turns).

Havercy the Slasher (Mummy Gladiator)               Turns: 3285, Time: 00:03:55

Health: -9/47      AC: 12    Str: 20    XL:     6   Next: 29%
Magic:  6/6        EV:  7    Int:  8    God:
Gold:   7          SH:  0    Dex: 12    Spells: 5/5 levels left

rFire  x . .     SeeInvis .     a - +0 long sword
rCold  + . .     Gourm    .     g - +0 plate armour
rNeg   + + +     Faith    .     (no shield)
rPois  ∞         Spirit   .     c - +0 helmet
rElec  .         Reflect  .     (no cloak)
rCorr  .         Harm     .     (no gloves)
MR     .....                    (no boots)
Stlth  ..........               (no amulet)
                                (no ring)
                                (no ring)

@: no status effects
A: no food or potions, fire vulnerability, cold resistance 1, negative energy
resistance 3, torment resistance, unbreathing
a: no special abilities


You were on level 3 of the Dungeon.
You were not hungry.

You visited 1 branch of the dungeon, and saw 4 of its levels.

You collected 202 gold pieces.
You spent 195 gold pieces at shops.

Inventory:

Hand Weapons
 a - a +0 long sword (weapon)
 k - a +1 dagger of speed
 n - a cursed -1 war axe
Missiles
 d - 3 throwing nets (quivered)
Armour
 c - a +0 helmet (worn)
 g - a +0 plate armour (worn)
Jewellery
 b - an uncursed ring of flight {unknown}
Wands
 m - a wand of teleportation (1/9)
Scrolls
 e - 2 scrolls of remove curse
 f - a scroll of recharging
 h - a scroll of magic mapping {unknown}
 i - a scroll of teleportation {unknown}
 j - a scroll of enchant weapon
 l - a scroll of identify


   Skills:
 + Level 3.0 Fighting
 + Level 4.1 Long Blades
 - Level 1.5 Throwing
 + Level 2.7 Armour
 + Level 3.1 Dodging


You had 5 spell levels left.
You didn't know any spells.

Dungeon Overview and Level Annotations

Branches:
Dungeon (4/15)
 Temple: D:4-7

Altars:
The Shining One

Shops:
D:4 *%

Annotations:
D:3 Sigmund


Innate Abilities, Weirdness & Mutations

You do not eat or drink.
Your flesh is vulnerable to fire.
You are immune to poison.
Your flesh is cold resistant. (rC+)
You are immune to negative energy. (rN+++)
You are immune to unholy pain and torment.
You can survive without breathing.


Message History

You are too injured to fight recklessly!
There is an open door here.
Items here: ( )) [[[ †
Items here: ) [ †† a whip; a ring mail; an orc corpse x2
Things that are here:
a silver tomahawk; a howler monkey corpse
There is a stone staircase leading up here.
The ogre hits you with a giant club.
* * * LOW HITPOINT WARNING * * *
You climb upwards.
Level annotation: Sigmund
There is a stone staircase leading down here.
Unknown command.
Unknown command.
Unknown command.
Unknown command.
Unknown command.
The ogre hits you with a giant club!
You die...

.......##........#.# #....##.#
.#...#.##.##.###.#.###.#.###.#
.##.##!##.##.# #.##...##.# #.####
.##.##.##.#..# #.####.##.###.#...
.##.##.##.#.## #.# #........#.##
.##.##[##.#.####.# ###...####.#
.##.##.##........# ##.....###.#
.##.##.####<##.######.......##>##
.......##.......@..#.........#.##
.................O.+.........'...
..#.#####.#......#.#!........####
.##.# #.###.!#.#.##.......###..
###.# #.....##.#.###.....## #.#
#.# ######.##.#.# ##...## #)# #.#
#......>....# ##'## #.# ###.#
#.#######.### #.# #.# #...# #.#
#.# ### #.# #..


You could see an ogre.

Vanquished Creatures
  2 howler monkeys (D:4)
  A hound (D:4)
  Jessica (D:2)
  Ijyb (D:2)
  7 adders
  6 oozes
  A worm (D:3)
  2 dart slugs
  2 leopard geckos (D:2)
  7 orcs
  10 giant cockroaches
  6 goblins
  6 hobgoblins
  10 jackals
  2 quokkas
  A ball python (D:3)
  10 bats
  5 frilled lizards
  A jackal skeleton (D:4)
  A kobold (D:2)
  6 rats
88 creatures vanquished.

Notes
Turn   | Place    | Note
-------+----------+-------------------------------------------
     0 | D:1      | Havercy the Mummy Gladiator began the quest for the Orb.
     0 | D:1      | Reached XP level 1. HP: 16/16 MP: 1/1
     1 | D:1      | Found a runed door.
   216 | D:1      | Reached XP level 2. HP: 18/22 MP: 2/2
   679 | D:1      | Reached XP level 3. HP: 24/27 MP: 3/3
   720 | D:1      | Reached skill level 1 in Armour
   777 | D:2      | Noticed Ijyb
   794 | D:2      | Reached skill level 3 in Long Blades
   795 | D:2      | Reached XP level 4. HP: 25/33 MP: 4/4
  1218 | D:2      | Noticed Jessica
  1224 | D:2      | Killed Jessica
  1224 | D:2      | Reached XP level 5. HP: 39/39 MP: 5/5
  1349 | D:2      | Killed Ijyb
  1624 | D:3      | Found a glowing golden altar of the Shining One.
  1846 | D:3      | Noticed Sigmund
  2136 | D:4      | Found Vineneimm's Food Emporium.
  2231 | D:4      | Reached skill level 4 in Long Blades
  2234 | D:4      | Noticed an ogre
  2244 | D:4      | Reached XP level 6. HP: 40/46 MP: 6/6
  2709 | D:3      | Found a faded altar of an unknown god.
  3161 | D:4      | Found Juud Hau's General Store.
  3169 | D:4      | Bought a wand of teleportation (1/9) for 195 gold pieces
  3285 | D:3      | Mangled by an ogre

Vault maps used:
D:1:      dpeg_arrival_caged_fury, minmay_hexomino_p4
D:2:      hangedman_decor_clover_reticule, kennysheep_generic_room_2, uniq_iyjb,
          uniq_crazy_yiuf_cottage, uniq_jessica
D:3:      minmay_door_path, lemuel_crystal_altar,
          chequers_ecumenical_altar_simple_redux, first_bread, hex_large,
          uniq_sigmund
D:4:      gammafunk_temple_overflow_statue, lemuel_doored_altar, serial_shops,
          kennysheep_mini_moat, nicolae_shop_crystal

Skill      XL: |  1  2  3  4  5  6 |
---------------+-------------------+-----
Dodging        | 3 |  3.1
Armour         | 1 2 |  2.7
Long Blades    | 3 4 |  4.1
Fighting       | 3 |  3.0
Throwing       | |  1.5

Action                   |  1- 3 |  4- 6 || total
-------------------------+-------+-------++-------
Melee: Long sword        |   108 |   178 ||   286
       Dagger            |       |    18 ||    18
  Use: Scroll            |       |     5 ||     5
 Stab: Distracted        |       |     1 ||     1
Armor: Leather armour    |    34 |       ||    34
       Plate armour      |    65 |   134 ||   199
Dodge: Dodged            |    83 |    76 ||   159
       Rpst.: Long sword |    29 |    22 ||    51
